Canadiens vs Canucks
Created - May 3, 2018 at 19:17
Goals
|
Canadiens |
0 |
1 |
1 |
2 |
Canucks |
3 |
1 |
2 |
6 |
|
Shots
|
Canadiens |
13 |
18 |
11 |
42 |
Canucks |
11 |
11 |
13 |
35 |
|
1st period
1. Canucks , Alex Goligoski 17 (Danny DeKeiser 8, Brad Boyes 53) at 9:41 (PP)
2. Canucks , Brad Boyes 61 (Mike Ribeiro 62) at 14:38 (PP)
3. Canucks , Matt Stajan 19 (Chris Higgins 25, Jiri Hudler 29) at 16:30
Penalties :
Shaone Morrisonn (Van) for Tripping (Minor) at 1:03, Chris Higgins (Van) for Holding (Minor) at 3:49, Dennis Wideman (Mon) for Interference (Minor) at 9:33, Dennis Wideman (Mon) for Interference (Minor) at 11:47, Patrick Sharp (Mon) for Holding Stick (Minor) at 14:34
2nd period
4. Canucks , Danny DeKeiser 4 (Brad Boyes 54, Mike Ribeiro 63) at 6:56 (PP)
5. Canadiens , Wes O'Neill 1 (Andrew Ebbett 8) at 19:15
Penalties :
Patrick Sharp (Mon) for Tripping (Minor) at 0:43, Brett Maclean (Mon) for Goalie Interference (Minor) at 6:52, Dennis Wideman (Mon) for Slashing (Minor) at 9:40
3rd period
6. Canucks , Brad Boyes 62 (Mike Ribeiro 64) at 3:34 (PP)
7. Canucks , Chris Higgins 22 (Matt Stajan 27) at 7:10
8. Canadiens , Adam Pardy 3 (Wes O'Neill 12, Marcel Goc 10) at 14:39
Penalties :
Dennis Wideman (Mon) for Roughing (Minor) at 3:28, David Jones (Mon) for High sticking (Minor) at 11:04, Mike Ribeiro (Van) for Hooking (Minor) at 14:46, David Jones (Mon) for Hooking (Minor) at 17:07
Goalie Stats
Jonathan Bernier (Mon), 12 saves from 16 shots - (0.750), L, 40-26-2, 26:56 minutes
Mikael Tellqvist (Mon), 17 saves from 19 shots - (0.895), 33:04 minutes
Michal Neuvirth (Van), 40 saves from 42 shots - (0.952), W, 51-13-7, 60:00 minutes
Players Stats for Canadiens
Player Name G A P +/- PIM S H SB GA TA FO MP PP MP PK MP
------------------------------------------------------------------------------------
Adam Pardy 1 0 1 2 0 1 0 0 0 1 0/0 18:48 2:21 5:43
Andrew Ebbett 0 1 1 1 0 3 0 0 0 0 2/10 10:31 0:00 5:35
Brett Maclean 0 0 0 1 2 1 1 0 0 0 1/1 10:56 0:00 0:00
David Jones 0 0 0 1 4 2 1 0 0 0 2/2 12:48 0:00 1:45
Dennis Wideman 0 0 0 -1 8 0 1 2 0 0 0/0 24:55 2:21 2:43
Dustin Boyd 0 0 0 -2 0 1 0 1 0 0 5/10 15:49 2:45 0:43
Evgeny Dadonov 0 0 0 0 0 7 2 1 0 0 0/0 18:36 3:12 0:00
Greg Stewart 0 0 0 0 0 4 1 0 0 0 1/2 20:23 3:12 1:42
Joe Pavelski 0 0 0 -2 0 4 1 0 0 0 0/1 15:05 2:45 0:00
Karl Alzner 0 0 0 -1 0 1 0 0 0 0 0/0 18:05 0:00 4:38
Ladislav Nagy 0 0 0 1 0 1 0 1 0 0 1/1 10:29 0:00 5:32
Luke Schenn 0 0 0 -1 0 1 0 1 3 1 0/0 28:30 3:36 5:48
Marcel Goc 0 1 1 1 0 3 1 0 0 0 5/8 10:57 0:00 0:00
Patrick Sharp 0 0 0 -2 4 1 1 0 0 0 0/1 17:13 2:45 2:06
Sidney Crosby 0 0 0 0 0 8 4 0 2 2 16/33 21:55 3:12 3:11
Tyler Pitlick 0 0 0 1 0 1 0 0 0 1 0/1 4:56 0:00 0:00
Vitaly Vishnevsky 0 0 0 -1 0 1 0 1 0 0 0/0 18:29 3:36 1:26
Wes O'Neill 1 1 2 2 0 2 0 0 0 0 0/0 11:09 0:00 0:16
Players Stats for Canucks
Player Name G A P +/- PIM S H SB GA TA FO MP PP MP PK MP
------------------------------------------------------------------------------------
Alex Goligoski 1 0 1 0 0 5 1 2 0 0 0/0 30:35 7:19 2:10
Ben Lovejoy 0 0 0 0 0 0 2 0 0 2 0/0 20:39 2:58 3:47
Brad Boyes 2 2 4 -1 0 6 3 0 2 0 2/4 27:29 5:08 2:58
Chris Higgins 1 1 2 2 2 5 2 0 0 0 0/1 19:58 4:50 1:14
Clarke MacArthur 0 0 0 -1 0 1 2 1 0 0 2/2 23:44 5:19 2:18
Danny DeKeiser 1 1 2 0 0 2 0 0 1 1 0/0 16:43 6:46 0:17
Darren Helm 0 0 0 0 0 0 0 1 0 0 0/0 4:01 0:00 0:55
Jamie McBain 0 0 0 0 0 0 3 1 0 1 0/0 28:04 2:58 1:53
Jiri Hudler 0 1 1 2 0 0 3 0 0 0 0/1 13:49 0:08 0:00
Martins Karsums 0 0 0 0 0 1 1 0 0 0 0/0 4:58 4:50 0:00
Matt Stajan 1 1 2 2 0 1 1 1 2 0 3/9 15:11 0:19 0:41
Maxim Lapierre 0 0 0 -1 0 2 0 0 0 0 6/8 10:01 0:00 0:00
Mike Ribeiro 0 3 3 -1 2 0 2 0 0 1 23/42 24:07 5:19 1:56
Nik Antropov 0 0 0 0 0 0 2 0 0 0 1/2 9:49 4:50 1:45
Peter Prucha 0 0 0 -1 0 2 1 1 0 0 0/0 10:01 0:00 0:00
Ryan Hollweg 0 0 0 -1 0 5 2 0 0 0 0/1 10:28 0:08 0:07
Sami Lepisto 0 0 0 0 0 0 1 1 0 0 0/0 12:18 0:00 1:08
Shaone Morrisonn 0 0 0 0 2 5 1 0 0 0 0/0 12:05 0:33 2:39
3 Stars
1 - Brad Boyes (Van)
2 - Michal Neuvirth (Van)
3 - Matt Stajan (Van)
Power Play
Canadiens - 0 on 3 Attempt(s) - 0.00%
Canucks - 4 on 9 Attempt(s) - 44.44%
Penalty Kill
Canadiens - 5 on 9 Attempt(s) - 55.56%
- Score 0 goal in Penalty Kill
Canucks - 3 on 3 Attempt(s) - 100.00%
- Score 0 goal in Penalty Kill
Team Stat
Canadiens - Hits : 13 - Faceoff Wins : 33 - Blocked Shots : 7 - Penalty Minutes : 18
Canucks - Hits : 27 - Faceoff Wins : 37 - Blocked Shots : 8 - Penalty Minutes : 6
Official
Referees : Kimmerly Greg and Martell Rob
Linesman : Shane Heyer and Derek Amell
Game Notes
Mikael Tellqvist enters game at 6:56 of 2nd period
Finance
Level 1 -- Attendance: 5738 (95.63%) -- Ticket Income $516,420
Level 2 -- Attendance: 4563 (91.26%) -- Ticket Income $241,839
Level 3 -- Attendance: 1888 (94.40%) -- Ticket Income $64,192
Level 4 -- Attendance: 4000 (100.00%) -- Ticket Income $84,000
Luxury Box -- Attendance: 995 (99.50%) -- Ticket Income $103,480
Game was played at the Budweiser Coliseum.
Total Attendance: 17184 (95.47%)
Total Ticket Income: $1,009,931
Other Income: $151,490
Total Income: $1,161,421
Canadiens
5 vs 5 Forward
Center Left Wing Right Wing Time % Phy DF OF
1 Sidney Crosby Greg Stewart Evgeny Dadonov 40 1 2 2
2 Dustin Boyd Patrick Sharp Joe Pavelski 30 1 2 2
3 Marcel Goc Brett Maclean David Jones 20 1 2 2
4 Andrew Ebbett Ladislav Nagy Tyler Pitlick 10 1 2 2
5 vs 5 Defense
Defense Defense Time % Phy DF OF
1 Luke Schenn Dennis Wideman 40 1 2 2
2 Vitaly Vishnevsky Karl Alzner 30 1 2 2
3 Wes O'Neill Adam Pardy 20 1 2 2
4 Luke Schenn Dennis Wideman 10 1 2 2
PowerPlay Forward
Center Left Wing Right Wing Time % Phy DF OF
1 Sidney Crosby Greg Stewart Evgeny Dadonov 60 1 2 2
2 Dustin Boyd Patrick Sharp Joe Pavelski 40 1 2 2
PowerPlay Defense
Defense Defense Time % Phy DF OF
1 Luke Schenn Vitaly Vishnevsky 60 1 2 2
2 Adam Pardy Dennis Wideman 40 1 2 2
Penalty Kill 4 Players Forward
Center Wing Time % Phy DF OF
1 Andrew Ebbett Ladislav Nagy 60 1 2 2
2 Sidney Crosby David Jones 40 1 2 2
Penalty Kill 4 Players Defense
Defense Defense Time % Phy DF OF
1 Luke Schenn Adam Pardy 60 1 2 2
2 Dennis Wideman Karl Alzner 40 1 2 2
Penalty Kill - 3 Players Forward
Forward Time % Phy DF OF
1 Sidney Crosby 60 1 2 2
2 Andrew Ebbett 40 1 2 2
Penalty Kill - 3 Players Defense
Defense Defense Time % Phy DF OF
1 Luke Schenn Adam Pardy 60 1 2 2
2 Dennis Wideman Karl Alzner 40 1 2 2
4 vs 4 Forward
Center Wing Time % Phy DF OF
1 Sidney Crosby Evgeny Dadonov 60 1 2 2
2 Dustin Boyd Joe Pavelski 40 1 2 2
4 vs 4 Defense
Defense Defense Time % Phy DF OF
1 Luke Schenn Dennis Wideman 60 1 2 2
2 Adam Pardy Karl Alzner 40 1 2 2
Last Minutes Offensive
Center Left Wing Right Wing Defense Defense
Sidney Crosby Patrick Sharp Joe Pavelski Luke Schenn Dennis Wideman
Last Minutes Defensive
Center Left Wing Right Wing Defense Defense
Sidney Crosby Patrick Sharp Joe Pavelski Luke Schenn Adam Pardy
Goaltenders
Starting : Jonathan Bernier
Backup : Mikael Tellqvist
Extra Forwards
Normal : Andrew Ebbett, Dustin Boyd, David Jones - PP : Brett Maclean, David Jones - PK : Patrick Sharp
Extra Defensemen
Normal : Wes O'Neill, Adam Pardy, Luke Schenn - PP : Wes O'Neill - PK : Adam Pardy, Luke Schenn
Penalty Shots
Sidney Crosby, Brett Maclean, Joe Pavelski, Patrick Sharp, Greg Stewart
Scratches
Jason Spezza (Sprained Left Ankle Injury), Cal Clutterbuck (Strained Back Injury)
Canucks
5 vs 5 Forward
Center Left Wing Right Wing Time % Phy DF OF
1 Mike Ribeiro Clarke MacArthur Brad Boyes 60 0 0 5
2 Matt Stajan Chris Higgins Jiri Hudler 22 0 0 5
3 Maxim Lapierre Ryan Hollweg Peter Prucha 14 0 2 3
4 Nik Antropov Darren Helm Brad Boyes 4 0 3 2
5 vs 5 Defense
Defense Defense Time % Phy DF OF
1 Jamie McBain Alex Goligoski 62 0 0 5
2 Ben Lovejoy Sami Lepisto 20 0 0 5
3 Shaone Morrisonn Danny DeKeiser 12 0 3 2
4 Alex Goligoski Danny DeKeiser 6 0 0 5
PowerPlay Forward
Center Left Wing Right Wing Time % Phy DF OF
1 Mike Ribeiro Clarke MacArthur Brad Boyes 80 0 0 5
2 Nik Antropov Chris Higgins Martins Karsums 20 0 0 5
PowerPlay Defense
Defense Defense Time % Phy DF OF
1 Danny DeKeiser Alex Goligoski 80 0 0 5
2 Ben Lovejoy Jamie McBain 20 0 0 5
Penalty Kill 4 Players Forward
Center Wing Time % Phy DF OF
1 Mike Ribeiro Brad Boyes 60 1 2 2
2 Clarke MacArthur Nik Antropov 40 1 2 2
Penalty Kill 4 Players Defense
Defense Defense Time % Phy DF OF
1 Shaone Morrisonn Ben Lovejoy 60 1 2 2
2 Jamie McBain Alex Goligoski 40 1 2 2
Penalty Kill - 3 Players Forward
Forward Time % Phy DF OF
1 Mike Ribeiro 60 1 2 2
2 Brad Boyes 40 1 2 2
Penalty Kill - 3 Players Defense
Defense Defense Time % Phy DF OF
1 Alex Goligoski Shaone Morrisonn 60 1 2 2
2 Jamie McBain Alex Goligoski 40 1 2 2
4 vs 4 Forward
Center Wing Time % Phy DF OF
1 Mike Ribeiro Brad Boyes 60 0 0 5
2 Clarke MacArthur Nik Antropov 40 1 2 2
4 vs 4 Defense
Defense Defense Time % Phy DF OF
1 Jamie McBain Alex Goligoski 60 0 0 5
2 Ben Lovejoy Alex Goligoski 40 1 2 2
Last Minutes Offensive
Center Left Wing Right Wing Defense Defense
Mike Ribeiro Clarke MacArthur Brad Boyes Alex Goligoski Jamie McBain
Last Minutes Defensive
Center Left Wing Right Wing Defense Defense
Mike Ribeiro Clarke MacArthur Brad Boyes Shaone Morrisonn Alex Goligoski
Goaltenders
Starting : Michal Neuvirth
Backup : Karri Ramo
Extra Forwards
Normal : Matt Stajan, Ryan Hollweg, Clarke MacArthur - PP : Matt Stajan, Ryan Hollweg - PK : Chris Higgins
Extra Defensemen
Normal : Ben Lovejoy, Sami Lepisto, Jamie McBain - PP : Shaone Morrisonn - PK : Sami Lepisto, Jamie McBain
Penalty Shots
Mike Ribeiro, Brad Boyes, Clarke MacArthur, Nik Antropov, Jiri Hudler
Scratches
Jordan LaVallee (Healthy), Stefan Ruzicka (Healthy)
% Time on Ice - Canadiens
Lines # - Real PCT - Wanted PCT - Time Play
Normal Forward
1 - 35% - 40% - 15:25
2 - 28% - 30% - 12:28
3 - 25% - 20% - 10:57
4 - 11% - 10% - 4:56
Normal Defense
1 - 40% - 40% - 17:21
2 - 34% - 30% - 14:44
3 - 23% - 20% - 9:53
4 - 4% - 10% - 1:48
PP Forward
1 - 54% - 60% - 3:12
2 - 46% - 40% - 2:45
PP Defense
1 - 61% - 60% - 3:36
2 - 39% - 40% - 2:21
PK Forward
1 - 69% - 60% - 7:06
2 - 31% - 40% - 3:11
PK Defense
1 - 49% - 60% - 5:05
2 - 51% - 40% - 5:12
PK3 Forward
1 - 0% - 60%
2 - 0% - 40%
PK3 Defense
1 - 0% - 60%
2 - 0% - 40%
44 Forward
1 - 0% - 60%
2 - 0% - 40%
44 Defense
1 - 0% - 60%
2 - 0% - 40%
Last Minute Offensive - 0:00
Last Minute Defensive - 0:00
Total
Forward - 60:00
Defense - 60:00
|
% Time on Ice - Canucks
Lines # - Real PCT - Wanted PCT - Time Play
Normal Forward
1 - 39% - 60% - 17:05
2 - 31% - 22% - 13:34
3 - 23% - 14% - 10:01
4 - 7% - 4% - 3:06
Normal Defense
1 - 51% - 62% - 22:08
2 - 29% - 20% - 12:38
3 - 19% - 12% - 8:21
4 - 1% - 6% - 0:39
PP Forward
1 - 53% - 80% - 5:27
2 - 47% - 20% - 4:50
PP Defense
1 - 71% - 80% - 7:19
2 - 29% - 20% - 2:58
PK Forward
1 - 71% - 60% - 4:12
2 - 29% - 40% - 1:45
PK Defense
1 - 68% - 60% - 4:04
2 - 32% - 40% - 1:53
PK3 Forward
1 - 0% - 60%
2 - 0% - 40%
PK3 Defense
1 - 0% - 60%
2 - 0% - 40%
44 Forward
1 - 0% - 60%
2 - 0% - 40%
44 Defense
1 - 0% - 60%
2 - 0% - 40%
Last Minute Offensive - 0:00
Last Minute Defensive - 0:00
Total
Forward - 60:00
Defense - 60:00
|
Play by Play
1st period
0:01 of 1st period - Mike Ribeiro wins face-off versus Sidney Crosby in neutral zone.
0:31 of 1st period - Slapshot by Chris Higgins.
0:31 of 1st period - Stopped by Jonathan Bernier with a rebound.
0:41 of 1st period - Snap shot by Patrick Sharp.
0:41 of 1st period - Deflect By Joe Pavelski.
0:41 of 1st period - Stopped by Michal Neuvirth with a rebound.
0:48 of 1st period - Icing by Ben Lovejoy.
0:49 of 1st period - David Jones wins face-off versus Matt Stajan in Canucks zone.
0:50 of 1st period - Snap shot by Marcel Goc.
0:50 of 1st period - Deflect By Chris Higgins.
0:50 of 1st period - Shot Misses the Net.
0:50 of 1st period - Puck is out of play.
0:51 of 1st period - Marcel Goc wins face-off versus Ryan Hollweg in Canucks zone.
0:54 of 1st period - Wrist shot by Marcel Goc.
0:54 of 1st period - Shot Blocked by Peter Prucha.
0:56 of 1st period - Slapshot by Karl Alzner.
0:56 of 1st period - Deflect By Marcel Goc.
0:56 of 1st period - Stopped by Michal Neuvirth with a rebound.
0:58 of 1st period - Slapshot by Karl Alzner.
0:58 of 1st period - Stopped by Michal Neuvirth with a rebound.
1:00 of 1st period - Wrist shot by Vitaly Vishnevsky.
1:00 of 1st period - Stopped by Michal Neuvirth without a rebound.
1:01 of 1st period - Maxim Lapierre wins face-off versus Tyler Pitlick in Canucks zone.
1:03 of 1st period - Minor Penalty to Shaone Morrisonn for Tripping.
1:04 of 1st period - Sidney Crosby wins face-off versus Mike Ribeiro in Canucks zone.
1:30 of 1st period - Patrick Sharp is hit by Clarke MacArthur and loses puck.
2:21 of 1st period - Sidney Crosby is hit by Jamie McBain.
3:03 of 1st period - Penalty to Shaone Morrisonn is over, Shaone Morrisonn is back on ice.
3:27 of 1st period - Wrist shot by Mike Ribeiro.
3:27 of 1st period - Deflect By Brad Boyes.
3:27 of 1st period - Shot Misses the Net.
3:27 of 1st period - Puck is out of play.
3:28 of 1st period - Matt Stajan wins face-off versus Andrew Ebbett in Canadiens zone.
3:49 of 1st period - Minor Penalty to Chris Higgins for Holding.
3:50 of 1st period - Clarke MacArthur wins face-off versus Sidney Crosby in Canucks zone.
4:17 of 1st period - Snap shot by Joe Pavelski.
4:17 of 1st period - Shot Hit the Post.
4:31 of 1st period - Slapshot by Mike Ribeiro.
4:31 of 1st period - Shot Misses the Net.
4:33 of 1st period - Wrist shot by Shaone Morrisonn.
4:33 of 1st period - Stopped by Jonathan Bernier without a rebound.
4:34 of 1st period - Sidney Crosby wins face-off versus Mike Ribeiro in Canadiens zone.
4:38 of 1st period - Off-side.
4:39 of 1st period - Mike Ribeiro wins face-off versus Sidney Crosby in neutral zone.
5:06 of 1st period - Vitaly Vishnevsky is hit by Ben Lovejoy and loses puck.
5:49 of 1st period - Penalty to Chris Higgins is over, Chris Higgins is back on ice.
5:49 of 1st period - Alex Goligoski is hit by Sidney Crosby and loses puck.
6:09 of 1st period - Off-side.
6:10 of 1st period - Maxim Lapierre wins face-off versus Marcel Goc in neutral zone.
7:18 of 1st period - Snap shot by Ben Lovejoy.
7:18 of 1st period - Shot Misses the Net.
7:20 of 1st period - Backhand shot by Ben Lovejoy.
7:20 of 1st period - Shot Misses the Net.
7:22 of 1st period - Slapshot by Sami Lepisto.
7:22 of 1st period - Deflect By Peter Prucha.
7:22 of 1st period - Stopped by Jonathan Bernier without a rebound.
7:23 of 1st period - Maxim Lapierre wins face-off versus Patrick Sharp in Canadiens zone.
7:29 of 1st period - Icing by Patrick Sharp.
7:30 of 1st period - Dustin Boyd wins face-off versus Mike Ribeiro in Canadiens zone.
8:19 of 1st period - Wrist shot by David Jones.
8:19 of 1st period - Stopped by Michal Neuvirth without a rebound.
8:20 of 1st period - Maxim Lapierre wins face-off versus Marcel Goc in Canucks zone.
8:46 of 1st period - Sidney Crosby is hit by Clarke MacArthur and loses puck.
9:31 of 1st period - Slapshot by Alex Goligoski.
9:31 of 1st period - Shot Blocked by Ladislav Nagy.
9:33 of 1st period - Minor Penalty to Dennis Wideman for Interference.
9:34 of 1st period - Mike Ribeiro wins face-off versus Andrew Ebbett in Canadiens zone.
9:37 of 1st period - Slapshot by Brad Boyes.
9:37 of 1st period - Stopped by Jonathan Bernier with a rebound.
9:39 of 1st period - Backhand shot by Danny DeKeiser.
9:39 of 1st period - Shot Blocked by Luke Schenn.
9:41 of 1st period - Slapshot by Alex Goligoski.
9:41 of 1st period - Goal by Alex Goligoski - Canadiens : 0 - Canucks : 1.
9:42 of 1st period - Mike Ribeiro wins face-off versus Sidney Crosby in neutral zone.
9:55 of 1st period - Slapshot by Greg Stewart.
9:55 of 1st period - Stopped by Michal Neuvirth with a rebound.
9:59 of 1st period - Wrist shot by Evgeny Dadonov.
9:59 of 1st period - Deflect By Greg Stewart.
9:59 of 1st period - Shot Misses the Net.
9:59 of 1st period - Puck is out of play.
10:00 of 1st period - Mike Ribeiro wins face-off versus Joe Pavelski in Canucks zone.
10:05 of 1st period - Joe Pavelski is hit by Alex Goligoski and loses puck.
10:53 of 1st period - Danny DeKeiser is hit by Brett Maclean and loses puck.
11:16 of 1st period - Wrist shot by Ladislav Nagy.
11:16 of 1st period - Stopped by Michal Neuvirth with a rebound.
11:20 of 1st period - Snap shot by Ladislav Nagy.
11:20 of 1st period - Shot Misses the Net.
11:35 of 1st period - Wrist shot by Chris Higgins.
11:35 of 1st period - Stopped by Jonathan Bernier with a rebound.
11:37 of 1st period - Slapshot by Shaone Morrisonn.
11:37 of 1st period - Stopped by Jonathan Bernier with a rebound.
11:39 of 1st period - Wrist shot by Shaone Morrisonn.
11:39 of 1st period - Stopped by Jonathan Bernier with a rebound.
11:47 of 1st period - Minor Penalty to Dennis Wideman for Interference.
11:48 of 1st period - Andrew Ebbett wins face-off versus Mike Ribeiro in Canadiens zone.
12:02 of 1st period - Luke Schenn is hit by Mike Ribeiro and loses puck.
13:26 of 1st period - Icing by Martins Karsums.
13:27 of 1st period - Dustin Boyd wins face-off versus Nik Antropov in Canucks zone.
13:47 of 1st period - Penalty to Dennis Wideman is over, Dennis Wideman is back on ice.
14:12 of 1st period - Patrick Sharp is hit by Jiri Hudler and loses puck.
14:34 of 1st period - Minor Penalty to Patrick Sharp for Holding Stick.
14:35 of 1st period - Mike Ribeiro wins face-off versus Andrew Ebbett in Canadiens zone.
14:38 of 1st period - Wrist shot by Brad Boyes.
14:38 of 1st period - Goal by Brad Boyes - Canadiens : 0 - Canucks : 2.
14:39 of 1st period - Mike Ribeiro wins face-off versus Sidney Crosby in neutral zone.
14:42 of 1st period - Dennis Wideman is hit by Mike Ribeiro and loses puck.
14:49 of 1st period - Snap shot by Brad Boyes.
14:49 of 1st period - Shot Blocked by Dennis Wideman.
14:51 of 1st period - Slapshot by Alex Goligoski.
14:51 of 1st period - Stopped by Jonathan Bernier without a rebound.
14:52 of 1st period - Brad Boyes wins face-off versus Sidney Crosby in Canadiens zone.
15:06 of 1st period - Icing by Luke Schenn.
15:07 of 1st period - Mike Ribeiro wins face-off versus Sidney Crosby in Canadiens zone.
15:25 of 1st period - Snap shot by Evgeny Dadonov.
15:25 of 1st period - Deflect By Sidney Crosby.
15:25 of 1st period - Stopped by Michal Neuvirth with a rebound.
15:27 of 1st period - Wrist shot by Sidney Crosby.
15:27 of 1st period - Shot Misses the Net.
15:29 of 1st period - Slapshot by Dennis Wideman.
15:29 of 1st period - Shot Blocked by Alex Goligoski.
15:39 of 1st period - Snap shot by Mike Ribeiro.
15:39 of 1st period - Shot Blocked by Evgeny Dadonov.
16:07 of 1st period - Wrist shot by Greg Stewart.
16:07 of 1st period - Stopped by Michal Neuvirth without a rebound.
16:08 of 1st period - Matt Stajan wins face-off versus Dustin Boyd in Canucks zone.
16:12 of 1st period - Off-side.
16:13 of 1st period - Matt Stajan wins face-off versus Dustin Boyd in neutral zone.
16:28 of 1st period - Wrist shot by Chris Higgins.
16:28 of 1st period - Shot Misses the Net.
16:30 of 1st period - Wrist shot by Matt Stajan.
16:30 of 1st period - Goal by Matt Stajan - Canadiens : 0 - Canucks : 3.
16:31 of 1st period - Sidney Crosby wins face-off versus Mike Ribeiro in neutral zone.
16:58 of 1st period - Karl Alzner is hit by Matt Stajan and loses puck.
17:47 of 1st period - Snap shot by Marcel Goc.
17:47 of 1st period - Stopped by Michal Neuvirth with a rebound.
17:49 of 1st period - Snap shot by David Jones.
17:49 of 1st period - Shot Misses the Net.
17:51 of 1st period - Snap shot by David Jones.
17:51 of 1st period - Shot Blocked by Sami Lepisto.
18:01 of 1st period - Sidney Crosby is hit by Jiri Hudler and loses puck.
18:42 of 1st period - Snap shot by Andrew Ebbett.
18:42 of 1st period - Stopped by Michal Neuvirth with a rebound.
18:44 of 1st period - Slapshot by Vitaly Vishnevsky.
18:44 of 1st period - Shot Misses the Net.
18:46 of 1st period - Wrist shot by Ladislav Nagy.
18:46 of 1st period - Shot Misses the Net.
18:48 of 1st period - Wrist shot by Karl Alzner.
18:48 of 1st period - Deflect By Andrew Ebbett.
18:48 of 1st period - Stopped by Michal Neuvirth with a rebound.
19:08 of 1st period - Slapshot by Marcel Goc.
19:08 of 1st period - Shot Misses the Net.
19:10 of 1st period - Slapshot by Luke Schenn.
19:10 of 1st period - Stopped by Michal Neuvirth without a rebound.
19:11 of 1st period - Brett Maclean wins face-off versus Matt Stajan in Canucks zone.
19:36 of 1st period - Snap shot by Marcel Goc.
19:36 of 1st period - Shot Misses the Net.
Goals for this period are 0 for Canadiens vs 3 for Canucks.
Shots for this period are 13 for Canadiens vs 11 for Canucks.
2nd period
0:01 of 2nd period - Sidney Crosby wins face-off versus Mike Ribeiro in neutral zone.
0:08 of 2nd period - Slapshot by Sidney Crosby.
0:08 of 2nd period - Shot Misses the Net.
0:26 of 2nd period - Jiri Hudler is hit by Joe Pavelski and loses puck.
0:43 of 2nd period - Minor Penalty to Patrick Sharp for Tripping.
0:44 of 2nd period - Mike Ribeiro wins face-off versus Andrew Ebbett in Canadiens zone.
0:59 of 2nd period - Snap shot by Danny DeKeiser.
0:59 of 2nd period - Stopped by Jonathan Bernier with a rebound.
1:01 of 2nd period - Slapshot by Alex Goligoski.
1:01 of 2nd period - Shot Misses the Net.
1:58 of 2nd period - Karl Alzner is hit by Chris Higgins and loses puck.
2:43 of 2nd period - Penalty to Patrick Sharp is over, Patrick Sharp is back on ice.
2:50 of 2nd period - Snap shot by David Jones.
2:50 of 2nd period - Deflect By Marcel Goc.
2:50 of 2nd period - Stopped by Michal Neuvirth without a rebound.
2:51 of 2nd period - Marcel Goc wins face-off versus Maxim Lapierre in Canucks zone.
2:54 of 2nd period - Wrist shot by David Jones.
2:54 of 2nd period - Shot Misses the Net.
2:56 of 2nd period - Slapshot by Marcel Goc.
2:56 of 2nd period - Shot Hit the Post.
3:04 of 2nd period - Snap shot by David Jones.
3:04 of 2nd period - Shot Misses the Net.
3:14 of 2nd period - Sidney Crosby is hit by Jiri Hudler and loses puck.
4:35 of 2nd period - Slapshot by Maxim Lapierre.
4:35 of 2nd period - Stopped by Jonathan Bernier with a rebound.
4:37 of 2nd period - Wrist shot by Ryan Hollweg.
4:37 of 2nd period - Stopped by Jonathan Bernier with a rebound.
4:39 of 2nd period - Snap shot by Ryan Hollweg.
4:39 of 2nd period - Shot Misses the Net.
4:49 of 2nd period - Andrew Ebbett is hit by Shaone Morrisonn and loses puck.
5:35 of 2nd period - Snap shot by Dustin Boyd.
5:35 of 2nd period - Stopped by Michal Neuvirth without a rebound.
5:36 of 2nd period - Sidney Crosby wins face-off versus Mike Ribeiro in Canucks zone.
5:47 of 2nd period - Snap shot by Greg Stewart.
5:47 of 2nd period - Stopped by Michal Neuvirth without a rebound.
5:48 of 2nd period - Mike Ribeiro wins face-off versus Sidney Crosby in Canucks zone.
5:57 of 2nd period - Wrist shot by Brad Boyes.
5:57 of 2nd period - Stopped by Jonathan Bernier with a rebound.
6:15 of 2nd period - Slapshot by Jiri Hudler.
6:15 of 2nd period - Shot Misses the Net.
6:30 of 2nd period - Off-side.
6:31 of 2nd period - Maxim Lapierre wins face-off versus Marcel Goc in neutral zone.
6:52 of 2nd period - Minor Penalty to Brett Maclean for Goalie Interference.
6:53 of 2nd period - Mike Ribeiro wins face-off versus Andrew Ebbett in Canadiens zone.
6:54 of 2nd period - Wrist shot by Brad Boyes.
6:54 of 2nd period - Shot Misses the Net.
6:56 of 2nd period - Backhand shot by Danny DeKeiser.
6:56 of 2nd period - Goal by Danny DeKeiser - Canadiens : 0 - Canucks : 4.
6:56 of 2nd period - Mikael Tellqvist enters game.
6:57 of 2nd period - Mike Ribeiro wins face-off versus Sidney Crosby in neutral zone.
7:00 of 2nd period - Snap shot by Brad Boyes.
7:00 of 2nd period - Stopped by Mikael Tellqvist without a rebound.
7:01 of 2nd period - Sidney Crosby wins face-off versus Mike Ribeiro in Canadiens zone.
7:10 of 2nd period - Slapshot by Evgeny Dadonov.
7:10 of 2nd period - Shot Misses the Net.
7:12 of 2nd period - Slapshot by Evgeny Dadonov.
7:12 of 2nd period - Stopped by Michal Neuvirth with a rebound.
7:14 of 2nd period - Snap shot by Evgeny Dadonov.
7:14 of 2nd period - Shot Misses the Net.
7:16 of 2nd period - Snap shot by Sidney Crosby.
7:16 of 2nd period - Stopped by Michal Neuvirth without a rebound.
7:17 of 2nd period - Mike Ribeiro wins face-off versus Dustin Boyd in Canucks zone.
7:24 of 2nd period - Slapshot by Brad Boyes.
7:24 of 2nd period - Shot Blocked by Dustin Boyd.
7:26 of 2nd period - Slapshot by Jamie McBain.
7:26 of 2nd period - Deflect By Clarke MacArthur.
7:26 of 2nd period - Stopped by Mikael Tellqvist with a rebound.
7:44 of 2nd period - Alex Goligoski is hit by Sidney Crosby and loses puck.
8:13 of 2nd period - Luke Schenn is hit by Ryan Hollweg and loses puck.
8:37 of 2nd period - Slapshot by Clarke MacArthur.
8:37 of 2nd period - Shot Blocked by Vitaly Vishnevsky.
9:09 of 2nd period - Icing by Alex Goligoski.
9:10 of 2nd period - Dustin Boyd wins face-off versus Mike Ribeiro in Canucks zone.
9:17 of 2nd period - Snap shot by Patrick Sharp.
9:17 of 2nd period - Stopped by Michal Neuvirth with a rebound.
9:19 of 2nd period - Slapshot by Adam Pardy.
9:19 of 2nd period - Shot Misses the Net.
9:21 of 2nd period - Wrist shot by Dustin Boyd.
9:21 of 2nd period - Deflect By Joe Pavelski.
9:21 of 2nd period - Stopped by Michal Neuvirth without a rebound.
9:22 of 2nd period - Mike Ribeiro wins face-off versus Sidney Crosby in Canucks zone.
9:22 of 2nd period - Mike Ribeiro is hit by Greg Stewart.
9:40 of 2nd period - Minor Penalty to Dennis Wideman for Slashing.
9:41 of 2nd period - Mike Ribeiro wins face-off versus Andrew Ebbett in Canadiens zone.
10:07 of 2nd period - Ladislav Nagy is hit by Martins Karsums and loses puck.
11:40 of 2nd period - Penalty to Dennis Wideman is over, Dennis Wideman is back on ice.
12:39 of 2nd period - Ben Lovejoy is hit by Patrick Sharp and loses puck.
13:01 of 2nd period - Wes O'Neill is hit by Jamie McBain and loses puck.
13:30 of 2nd period - Snap shot by Patrick Sharp.
13:30 of 2nd period - Shot Misses the Net.
13:35 of 2nd period - Icing by Ben Lovejoy.
13:36 of 2nd period - Greg Stewart wins face-off versus Matt Stajan in Canucks zone.
13:51 of 2nd period - Snap shot by Evgeny Dadonov.
13:51 of 2nd period - Stopped by Michal Neuvirth without a rebound.
13:52 of 2nd period - Sidney Crosby wins face-off versus Mike Ribeiro in Canucks zone.
13:53 of 2nd period - Snap shot by Evgeny Dadonov.
13:53 of 2nd period - Stopped by Michal Neuvirth with a rebound.
14:22 of 2nd period - Snap shot by Shaone Morrisonn.
14:22 of 2nd period - Stopped by Mikael Tellqvist without a rebound.
14:23 of 2nd period - Mike Ribeiro wins face-off versus Greg Stewart in Canadiens zone.
14:48 of 2nd period - Slapshot by Maxim Lapierre.
14:48 of 2nd period - Stopped by Mikael Tellqvist without a rebound.
14:49 of 2nd period - Marcel Goc wins face-off versus Maxim Lapierre in Canadiens zone.
14:49 of 2nd period - Marcel Goc is hit by Ryan Hollweg.
15:21 of 2nd period - Wrist shot by Brad Boyes.
15:21 of 2nd period - Shot Misses the Net.
15:37 of 2nd period - Wrist shot by Dustin Boyd.
15:37 of 2nd period - Deflect By Patrick Sharp.
15:37 of 2nd period - Shot Blocked by Darren Helm.
15:37 of 2nd period - Puck is out of play.
15:38 of 2nd period - Nik Antropov wins face-off versus Dustin Boyd in Canucks zone.
15:45 of 2nd period - Joe Pavelski is hit by Brad Boyes.
15:53 of 2nd period - Wrist shot by Dustin Boyd.
15:53 of 2nd period - Shot Blocked by Matt Stajan.
16:03 of 2nd period - Jiri Hudler is hit by David Jones and loses puck.
16:41 of 2nd period - Snap shot by Ryan Hollweg.
16:41 of 2nd period - Stopped by Mikael Tellqvist with a rebound.
16:43 of 2nd period - Wrist shot by Ryan Hollweg.
16:43 of 2nd period - Shot Hit the Post.
16:45 of 2nd period - Slapshot by Ben Lovejoy.
16:45 of 2nd period - Deflect By Ryan Hollweg.
16:45 of 2nd period - Stopped by Mikael Tellqvist without a rebound.
16:46 of 2nd period - Andrew Ebbett wins face-off versus Mike Ribeiro in Canadiens zone.
17:01 of 2nd period - Wrist shot by Andrew Ebbett.
17:01 of 2nd period - Stopped by Michal Neuvirth without a rebound.
17:02 of 2nd period - Sidney Crosby wins face-off versus Brad Boyes in Canucks zone.
17:15 of 2nd period - Snap shot by Evgeny Dadonov.
17:15 of 2nd period - Stopped by Michal Neuvirth with a rebound.
17:17 of 2nd period - Slapshot by Luke Schenn.
17:17 of 2nd period - Shot Misses the Net.
17:19 of 2nd period - Slapshot by Greg Stewart.
17:19 of 2nd period - Stopped by Michal Neuvirth with a rebound.
17:29 of 2nd period - Dustin Boyd is hit by Jamie McBain and loses puck.
18:00 of 2nd period - Wrist shot by Ladislav Nagy.
18:00 of 2nd period - Deflect By Tyler Pitlick.
18:00 of 2nd period - Stopped by Michal Neuvirth with a rebound.
18:14 of 2nd period - Wrist shot by Greg Stewart.
18:14 of 2nd period - Shot Blocked by Alex Goligoski.
18:16 of 2nd period - Slapshot by Karl Alzner.
18:16 of 2nd period - Deflect By Evgeny Dadonov.
18:16 of 2nd period - Stopped by Michal Neuvirth with a rebound.
18:48 of 2nd period - Ben Lovejoy is hit by Dennis Wideman and loses puck.
18:57 of 2nd period - Snap shot by Joe Pavelski.
18:57 of 2nd period - Shot Misses the Net.
19:15 of 2nd period - Wrist shot by Wes O'Neill.
19:15 of 2nd period - Goal by Wes O'Neill - Canadiens : 1 - Canucks : 4.
19:16 of 2nd period - Sidney Crosby wins face-off versus Mike Ribeiro in neutral zone.
19:23 of 2nd period - Slapshot by Sidney Crosby.
19:23 of 2nd period - Stopped by Michal Neuvirth without a rebound.
19:24 of 2nd period - Sidney Crosby wins face-off versus Mike Ribeiro in Canucks zone.
19:39 of 2nd period - Shaone Morrisonn is hit by Sidney Crosby and loses puck.
19:44 of 2nd period - Snap shot by Sidney Crosby.
19:44 of 2nd period - Stopped by Michal Neuvirth with a rebound.
19:46 of 2nd period - Wrist shot by Sidney Crosby.
19:46 of 2nd period - Stopped by Michal Neuvirth without a rebound.
19:47 of 2nd period - Dustin Boyd wins face-off versus Jiri Hudler in Canucks zone.
19:56 of 2nd period - Wrist shot by Dustin Boyd.
19:56 of 2nd period - Shot Misses the Net.
19:58 of 2nd period - Wrist shot by Joe Pavelski.
19:58 of 2nd period - Shot Blocked by Jamie McBain.
Goals for this period are 1 for Canadiens vs 1 for Canucks.
Shots for this period are 18 for Canadiens vs 11 for Canucks.
3rd period
0:01 of 3rd period - Sidney Crosby wins face-off versus Mike Ribeiro in neutral zone.
0:37 of 3rd period - Slapshot by Joe Pavelski.
0:37 of 3rd period - Stopped by Michal Neuvirth with a rebound.
0:51 of 3rd period - Slapshot by Alex Goligoski.
0:51 of 3rd period - Stopped by Mikael Tellqvist with a rebound.
0:53 of 3rd period - Wrist shot by Maxim Lapierre.
0:53 of 3rd period - Shot Misses the Net.
0:55 of 3rd period - Snap shot by Alex Goligoski.
0:55 of 3rd period - Stopped by Mikael Tellqvist with a rebound.
0:57 of 3rd period - Slapshot by Jamie McBain.
0:57 of 3rd period - Deflect By Ryan Hollweg.
0:57 of 3rd period - Stopped by Mikael Tellqvist without a rebound.
0:58 of 3rd period - Mike Ribeiro wins face-off versus Sidney Crosby in Canadiens zone.
2:30 of 3rd period - Slapshot by Evgeny Dadonov.
2:30 of 3rd period - Stopped by Michal Neuvirth without a rebound.
2:31 of 3rd period - Mike Ribeiro wins face-off versus Sidney Crosby in Canucks zone.
2:31 of 3rd period - Mike Ribeiro is hit by Sidney Crosby.
2:38 of 3rd period - Shaone Morrisonn is hit by Evgeny Dadonov and loses puck.
3:19 of 3rd period - Wrist shot by Sidney Crosby.
3:19 of 3rd period - Stopped by Michal Neuvirth without a rebound.
3:20 of 3rd period - Dustin Boyd wins face-off versus Matt Stajan in Canucks zone.
3:28 of 3rd period - Minor Penalty to Dennis Wideman for Roughing.
3:29 of 3rd period - Mike Ribeiro wins face-off versus Andrew Ebbett in Canadiens zone.
3:34 of 3rd period - Wrist shot by Brad Boyes.
3:34 of 3rd period - Goal by Brad Boyes - Canadiens : 1 - Canucks : 5.
3:35 of 3rd period - Mike Ribeiro wins face-off versus Sidney Crosby in neutral zone.
3:38 of 3rd period - Slapshot by Alex Goligoski.
3:38 of 3rd period - Stopped by Mikael Tellqvist without a rebound.
3:39 of 3rd period - Mike Ribeiro wins face-off versus Sidney Crosby in Canadiens zone.
4:31 of 3rd period - Wes O'Neill is hit by Peter Prucha and loses puck.
4:36 of 3rd period - Slapshot by Peter Prucha.
4:36 of 3rd period - Stopped by Mikael Tellqvist without a rebound.
4:37 of 3rd period - Brad Boyes wins face-off versus Sidney Crosby in Canadiens zone.
4:52 of 3rd period - Snap shot by Sidney Crosby.
4:52 of 3rd period - Stopped by Michal Neuvirth with a rebound.
5:04 of 3rd period - Joe Pavelski is hit by Chris Higgins and loses puck.
5:15 of 3rd period - Backhand shot by Chris Higgins.
5:15 of 3rd period - Stopped by Mikael Tellqvist with a rebound.
5:17 of 3rd period - Wrist shot by Shaone Morrisonn.
5:17 of 3rd period - Stopped by Mikael Tellqvist without a rebound.
5:18 of 3rd period - Sidney Crosby wins face-off versus Mike Ribeiro in Canadiens zone.
5:35 of 3rd period - Wrist shot by Greg Stewart.
5:35 of 3rd period - Shot Misses the Net.
5:50 of 3rd period - Dustin Boyd is hit by Ben Lovejoy and loses puck.
6:09 of 3rd period - David Jones is hit by Sami Lepisto and loses puck.
6:16 of 3rd period - Snap shot by Ryan Hollweg.
6:16 of 3rd period - Stopped by Mikael Tellqvist with a rebound.
7:10 of 3rd period - Slapshot by Chris Higgins.
7:10 of 3rd period - Goal by Chris Higgins - Canadiens : 1 - Canucks : 6.
7:11 of 3rd period - Clarke MacArthur wins face-off versus Sidney Crosby in neutral zone.
8:01 of 3rd period - Slapshot by Alex Goligoski.
8:01 of 3rd period - Shot Misses the Net.
8:03 of 3rd period - Slapshot by Jamie McBain.
8:03 of 3rd period - Shot Misses the Net.
8:05 of 3rd period - Slapshot by Chris Higgins.
8:05 of 3rd period - Shot Misses the Net.
8:07 of 3rd period - Snap shot by Jiri Hudler.
8:07 of 3rd period - Shot Misses the Net.
8:47 of 3rd period - Slapshot by Brad Boyes.
8:47 of 3rd period - Stopped by Mikael Tellqvist with a rebound.
10:13 of 3rd period - Mike Ribeiro is hit by Evgeny Dadonov and loses puck.
10:41 of 3rd period - Dustin Boyd is hit by Nik Antropov and loses puck.
11:04 of 3rd period - Minor Penalty to David Jones for High sticking.
11:05 of 3rd period - Mike Ribeiro wins face-off versus Andrew Ebbett in Canadiens zone.
11:40 of 3rd period - Sidney Crosby is hit by Brad Boyes and loses puck.
13:04 of 3rd period - Penalty to David Jones is over, David Jones is back on ice.
13:12 of 3rd period - Ben Lovejoy is hit by Marcel Goc and loses puck.
13:30 of 3rd period - Icing by Jamie McBain.
13:31 of 3rd period - Maxim Lapierre wins face-off versus Dustin Boyd in Canucks zone.
13:42 of 3rd period - Snap shot by Karl Alzner.
13:42 of 3rd period - Deflect By Joe Pavelski.
13:42 of 3rd period - Stopped by Michal Neuvirth without a rebound.
13:43 of 3rd period - Mike Ribeiro wins face-off versus Sidney Crosby in Canucks zone.
13:56 of 3rd period - Snap shot by Sidney Crosby.
13:56 of 3rd period - Shot Blocked by Clarke MacArthur.
13:58 of 3rd period - Snap shot by Evgeny Dadonov.
13:58 of 3rd period - Stopped by Michal Neuvirth with a rebound.
14:10 of 3rd period - Backhand shot by David Jones.
14:10 of 3rd period - Shot Misses the Net.
14:12 of 3rd period - Snap shot by Wes O'Neill.
14:12 of 3rd period - Stopped by Michal Neuvirth without a rebound.
14:13 of 3rd period - Marcel Goc wins face-off versus Matt Stajan in Canucks zone.
14:37 of 3rd period - Snap shot by Wes O'Neill.
14:37 of 3rd period - Shot Hit the Post.
14:39 of 3rd period - Slapshot by Adam Pardy.
14:39 of 3rd period - Deflect By Jamie McBain.
14:39 of 3rd period - Goal by Adam Pardy - Canadiens : 2 - Canucks : 6.
14:40 of 3rd period - Sidney Crosby wins face-off versus Brad Boyes in neutral zone.
14:46 of 3rd period - Minor Penalty to Mike Ribeiro for Hooking.
14:47 of 3rd period - Sidney Crosby wins face-off versus Chris Higgins in Canucks zone.
16:46 of 3rd period - Penalty to Mike Ribeiro is over, Mike Ribeiro is back on ice.
17:07 of 3rd period - Minor Penalty to David Jones for Hooking.
17:08 of 3rd period - Ladislav Nagy wins face-off versus Mike Ribeiro in Canadiens zone.
17:08 of 3rd period - Ladislav Nagy is hit by Brad Boyes.
17:22 of 3rd period - Snap shot by Alex Goligoski.
17:22 of 3rd period - Shot Blocked by Dennis Wideman.
17:56 of 3rd period - Snap shot by Sidney Crosby.
17:56 of 3rd period - Stopped by Michal Neuvirth without a rebound.
17:57 of 3rd period - Sidney Crosby wins face-off versus Mike Ribeiro in Canucks zone.
18:42 of 3rd period - Andrew Ebbett is hit by Nik Antropov and loses puck.
18:49 of 3rd period - Wrist shot by Martins Karsums.
18:49 of 3rd period - Stopped by Mikael Tellqvist with a rebound.
19:07 of 3rd period - Penalty to David Jones is over, David Jones is back on ice.
19:09 of 3rd period - Snap shot by Chris Higgins.
19:09 of 3rd period - Stopped by Mikael Tellqvist without a rebound.
19:10 of 3rd period - David Jones wins face-off versus Mike Ribeiro in Canadiens zone.
19:21 of 3rd period - Slapshot by David Jones.
19:21 of 3rd period - Stopped by Michal Neuvirth without a rebound.
19:22 of 3rd period - Sidney Crosby wins face-off versus Mike Ribeiro in Canucks zone.
19:49 of 3rd period - Snap shot by Brett Maclean.
19:49 of 3rd period - Stopped by Michal Neuvirth without a rebound.
19:50 of 3rd period - Marcel Goc wins face-off versus Matt Stajan in Canucks zone.
Goals for this period are 1 for Canadiens vs 2 for Canucks.
Shots for this period are 11 for Canadiens vs 13 for Canucks.
Back to the Top